 Dungeon Crawl Stone Soup version 0.24-a0-778-g74da537585 (webtiles) character file.

Game seed: 4724266233874830990, levelgen mode: deterministic

23 Arixos the Magician (level 2, 3/15 HPs)
             Began as a Deep Elf Wizard on Oct 7, 2019.
             Quit the game on level 3 of the Dungeon.
             The game lasted 00:03:53 (989 turns).

Arixos the Magician (Deep Elf Wizard)                Turns: 989, Time: 00:03:54

Health: 3/15       AC:  2    Str:  4    XL:     2   Next: 75%
Magic:  0/9        EV: 13    Int: 22    God:
Gold:   24         SH:  0    Dex: 13    Spells: 5/10 levels left

rFire    . . .     SeeInvis .   c - +0 dagger
rCold    . . .     Gourm    .   (no shield)
rNeg     . . .     Faith    .   a - +0 robe
rPois    .         Spirit   .   b - +0 hat
rElec    .         Reflect  .   (no cloak)
rCorr    .         Harm     .   (no gloves)
MR       .....                  (no boots)
Stlth    ++........             (no amulet)
HPRegen  0.05/turn              (no ring)
MPRegen  0.11/turn              (no ring)

@: no status effects
A: no striking features
a: no special abilities


You were on level 3 of the Dungeon.
You were not hungry.

You visited 1 branch of the dungeon, and saw 4 of its levels.

You collected 24 gold pieces.

Inventory:

Hand Weapons
 c - a +0 dagger (weapon)
Armour
 a - a +0 robe (worn)
 b - a +0 hat (worn)
Jewellery
 e - an uncursed amulet of guardian spirit {unknown}
 i - a +4 amulet of reflection
Scrolls
 f - 2 scrolls of identify {unknown}
 h - a scroll of immolation {unknown}
 k - a scroll of amnesia {unknown}
Potions
 j - a potion of agility {unknown}
Comestibles
 d - a ration


   Skills:
 + Level 3.0 Dodging
 - Level 2.4 Stealth
 + Level 4.9 Spellcasting
 + Level 2.0 Conjurations
 - Level 1.1 Summonings
 - Level 1.1 Translocations


You had 5 spell levels left.
You knew the following spells:

 Your Spells              Type           Power        Failure   Level  Hunger
a - Magic Dart            Conj           ##..         4%          1    None
e - Blink                 Tloc           N/A          10%         2    None
i - Call Imp              Summ           ##......     10%         2    None

Your spell library contained the following spells:

 Spells                   Type           Power        Failure   Level  Hunger
 Slow                     Hex            #.......     16%         2    None
 Conjure Flame            Conj/Fire      #.......     21%         3    ##.....
 Mephitic Cloud           Conj/Pois/Air  #.......     24%         3    ##.....


Dungeon Overview and Level Annotations

Branches:
Dungeon (4/15)
 Temple: D:4-7

Altars:
Elyvilon

Shops:
D:4 *


Message History

An orc comes into view. It is wielding a +0 short sword.
A bat and a hobgoblin come into view.
The hobgoblin shouts!
The bat hits you.
* * * LOW HITPOINT WARNING * * *
The bullfrog completely misses you.
An orc comes into view. It is wielding a +0 hand axe.
Found a small bronze amulet.
Found a stone staircase leading up.
A kobold comes into view. It is wielding a +0 short sword.
The kobold shouts!
The bat hits you.
* * * LOW HITPOINT WARNING * * *
The bat closely misses you.
Casting: Blink (safe; 10% risk of failure)
Confirm with . or Enter, or press ? or * to list all spells.
You blink.
An orc comes into view.
The bat misses you. x2
An orc comes into view. It is wielding a +0 dagger.
Are you sure you want to abandon this character and quit the game? (Confirm with "yes".)

###### ######....####
####
#.......>....#######...#
#....................o..
#.........###.........o.
#####...####...###o....o
#.#.####.#.##.......
#.........bF@.#
.....#.####..##
....#......§g!# .#.
#.........$...# ..#.
#.........###.#
#.<.........
#."......##.. ..........
#... .......K.. .##


You could see a bullfrog, 4 orcs, a hobgoblin and a bat.

Vanquished Creatures
  A ball python (D:1)
  9 goblins (D:1)
  4 hobgoblins (D:1)
  2 bats (D:1)
  A frilled lizard (D:2)
  3 kobolds (D:1)
  A rat (D:1)
21 creatures vanquished.

Notes
Turn   | Place    | Note
-------+----------+-------------------------------------------
     0 | D:1      | Arixos the Deep Elf Wizard began the quest for the Orb.
     0 | D:1      | Reached XP level 1. HP: 10/10 MP: 7/7
   176 | D:1      | Reached XP level 2. HP: 15/15 MP: 3/9
   225 | D:1      | Learned a level 2 spell: Blink
   228 | D:1      | Learned a level 2 spell: Call Imp
   960 | D:2      | You fall into a shaft and drop 2 floors!
   960 | D:4      | Found a white marble altar of Elyvilon.
   960 | D:4      | Noticed a bullfrog
   961 | D:4      | Noticed a phantom
   969 | D:4      | Found Maih's General Store.
   989 | D:3      | Quit the game

Levels and vault maps discovered:
D:1:      matt_arrival_grand_opening, layout_basic
D:2:      layout_basic, tgw_fedhas, nicolae_gozag_seed_capital
D:3:      layout_rooms, nicolae_overflow_hidden_temple, uniq_sigmund
D:4:      layout_loops_cross, elyvilon_altar_5, first_ration, serial_shops,
          shop_fountains, minmay_liquid_box, nicolae_qazlal_general_emergency,
          uniq_duvessa

Skill      XL: |  1  2 |
---------------+-------+-----
Dodging        | 3 |  3.0
Conjurations   | 2 |  2.0
Stealth        | |  2.4
Spellcasting   | |  4.9
Summonings     | |  1.1
Translocations | |  1.1

Action                   || total
-------------------------++-------
Melee: Dagger            ||     1
 Cast: Magic Dart        ||    44
       Blink             ||     6
 Stab: Sleeping          ||     1
Dodge: Dodged            ||    12

Table legend:
 A = Non-vault XP
 B = Vault XP
 C = Vault XP percentage of total XP
 D = Non-vault monster count
 E = Vault monster count
 F = Vault count percentage of total count
                 A         B        C        D         E       F
            +---------+---------+-------+---------+---------+-------
      Total |      34 |       0 |   0.0 |      21 |       0 |   0.0
            +---------+---------+-------+---------+---------+-------
        D:1 |      33 |       0 |   0.0 |      20 |       0 |   0.0
        D:2 |       1 |       0 |   0.0 |       1 |       0 |   0.0
            +---------+---------+-------+---------+---------+-------
